 Dungeon Crawl Stone Soup version 0.30.1-4-g462c640d31 (webtiles) character file.

Game seed: 792504962817952387

182978 timpak the Stormcaller (level 17, 0/106 HPs)
             Began as a Tengu Fire Elementalist on Sept 1, 2023.
             Was an Elder of Sif Muna.
             Slain by a spark wasp (14 damage)
             ... on level 3 of the Spider Nest.
             The game lasted 02:43:07 (40515 turns).

timpak the Stormcaller (Tengu Fire Elementalist)   Turns: 40515, Time: 02:43:08

Health: 0/106      AC: 10    Str: 11    XL:     17   Next: 98%
Magic:  20/41      EV: 22    Int: 27    God:    Sif Muna [****..]
Gold:   2068       SH:  5    Dex: 14    Spells: 7/37 levels left

rFire   + . .        L - staff of air
rCold   . . .        (no shield)
rNeg    + . .        K - +2 robe "Utaecez" {rF+ Regen+}
rPois   +            (helmet restricted)
rElec   +            a - +2 cloak {Will+}
rCorr   .            u - +0 pair of gloves of Snakes and Ladders {rElec rN+ Int+5 Slay-5}
SInv    +            (boots unavailable)
Will    ++...        h - amulet of reflection
Stlth   ++           R - ring "Mith" {rPois MP+9}
HPRegen 1.17/turn    y - ring of see invisible
MPRegen 0.27/turn

%: reflection
@: flying quickly and evasively, studying Long Blades, quick
A: beak, talons 3, nimble flight
}: 1/15 runes: decaying
a: Renounce Religion, Channel Magic, Forget Spell, Divine Exegesis


You were on level 3 of the Spider Nest.
You worshipped Sif Muna.
Sif Muna was greatly pleased with you.
You visited 6 branches of the dungeon, and saw 27 of its levels.
You also visited: Sewer.

You collected 3084 gold pieces.
You spent 1016 gold pieces at shops.

Inventory:

Hand Weapons
 f - the +4 morningstar of Ponaosam {flame, rPois rCorr MP-9 SInv}
   (You found it on level 2 of the Spider Nest)

   rPois:     It protects you from poison.
   MP:        It affects your magic capacity (-9).
   SInv:      It lets you see invisible.
   rCorr:     It protects you from acid and corrosion.
 W - a +1 long sword of electrocution
Armour
 a - a +2 cloak of willpower (worn)
 u - the +0 pair of gloves of Snakes and Ladders (worn) {rElec rN+ Int+5 Slay-5}
   (You found it on level 8 of the Dungeon)

   Int:       It affects your intelligence (+5).
   Slay:      It affects your accuracy & damage with ranged weapons and melee
   (-5).
   rElec:     It insulates you from electricity.
   rN:        It protects you from negative energy.
 K - the +2 robe "Utaecez" (worn) {rF+ Regen+}
   (You found it on level 4 of the Lair of Beasts)

   rF:        It protects you from fire.
   Regen:     It increases your rate of health regeneration.
 T - a +1 robe of willpower
 U - a +1 robe of fire resistance
Magical Staves
 d - a staff of poison
 s - a staff of conjuration
 L - a staff of air (weapon)
Jewellery
 h - an amulet of reflection (around neck)
 q - the ring "Plog" {rN+ MP+9}
   (You found it on level 3 of the Dungeon)

   [ring of magical power]

   rN:        It protects you from negative energy.
   MP:        It affects your magic capacity (+9).
 y - a ring of see invisible (right hand)
 C - a ring of protection from fire
 G - a ring of protection from cold
 P - a ring of protection from cold
 R - the ring "Mith" (left hand) {rPois MP+9}
   (You found it on level 5 of the Lair of Beasts)

   [ring of magical power]

   rPois:     It protects you from poison.
   MP:        It affects your magic capacity (+9).
 S - a ring of resist corrosion
Wands
 x - a wand of flame (56)
 M - a wand of paralysis (11)
 N - a wand of roots (33)
Scrolls
 c - a scroll of amnesia
 e - 2 scrolls of magic mapping
 j - a scroll of brand weapon
 l - 3 scrolls of enchant armour
 m - 4 scrolls of fog
 n - 4 scrolls of immolation
 o - 5 scrolls of enchant weapon
 v - 11 scrolls of poison
 w - 8 scrolls of teleportation
 B - 3 scrolls of blinking
 H - a scroll of silence
 J - 2 scrolls of fear
 O - a scroll of summoning
Potions
 b - a potion of magic
 g - 2 potions of haste
 i - 4 potions of cancellation
 p - 3 potions of mutation
 r - 6 potions of brilliance
 t - 8 potions of curing
 z - a potion of ambrosia
 A - 7 potions of lignification
 D - 2 potions of invisibility
 E - 3 potions of might
 I - 5 potions of heal wounds
 V - 4 potions of resistance
Miscellaneous
 F - a box of beasts


   Skills:
 + Level 11.9 Fighting
 + Level 7.6 Staves
 + Level 11.8 Armour
 + Level 12.7 Dodging
 - Level 2.0 Stealth
 + Level 10.6 Spellcasting
 - Level 12.2 Conjurations
 + Level 6.8 Summonings
 - Level 4.0 Translocations
 - Level 12.0 Fire Magic
 + Level 17.1 Air Magic
 - Level 5.0 Invocations
 - Level 5.0 Evocations


You had 7 spell levels left.
You knew the following spells:

 Your Spells              Type           Power      Damage    Failure   Level
c - Arcjolt               Conj/Air       48%        1d58      1%          5
e - Swiftness             Air            100%       N/A       0%          3
f - Airstrike             Air            51%        2d(8-24)  1%          4
g - Call Canine Familiar  Summ           50%        N/A       1%          3
h - Plasma Beam           Fire/Air       48%        2x1d68    1%          6
B - Blink                 Tloc           70%        N/A       1%          2
M - Mephitic Cloud        Conj/Pois/Air  79%        N/A       1%          3
S - Summon Lightning Spi  Summ/Air       87%        N/A       1%          4

Your spell library contained the following spells:

 Spells                   Type           Power      Damage    Failure   Level
 Shock                    Conj/Air       100%       1d9       0%          1
 Foxfire                  Conj/Fire      100%       2x1d9     1%          1
 Kiss of Death            Conj/Necr      100%       2d13      1%          1
 Summon Small Mammal      Summ           100%       N/A       1%          1
 Call Imp                 Summ           100%       N/A       1%          2
 Lesser Beckoning         Tloc           70%        N/A       1%          2
 Momentum Strike          Conj/Tloc      100%       3d10      1%          2
 Poisonous Vapours        Pois/Air       100%       N/A       1%          2
 Scorch                   Fire           100%       2d9       1%          2
 Inner Flame              Hex/Fire       46%        N/A       1%          3
 Stone Arrow              Conj/Erth      94%        3d12      1%          3
 Vhi's Electric Charge    Tloc/Air       100%       N/A       1%          3
 Volatile Blastmotes      Fire/Tloc      100%       2d18      1%          3
 Flame Wave               Conj/Fire      68%        2d15      1%          4
 Fireball                 Conj/Fire      34%        3d14      1%          5
 Freezing Cloud           Conj/Ice/Air   39%        6-21      1%          5
 Conjure Ball Lightning   Conj/Air       48%        3x3d17    1%          6
 Gell's Gravitas          Tloc           35%        N/A       2%          3
 Teleport Other           Tloc           35%        N/A       2%          3
 Summon Guardian Golem    Hex/Summ       32%        N/A       3%          3
 Silence                  Hex/Air        37%        N/A       3%          5
 Sandblast                Erth           28%        2d8       4%          1
 Slow                     Hex            56%        N/A       4%          1
 Starburst                Conj/Fire      34%        6d10      4%          6
 Portal Projectile        Hex/Tloc       50%        N/A       5%          3
 Passwall                 Tmut/Erth      11%        N/A       6%          2
 Animate Armour           Summ/Erth      64%        N/A       10%         4
 Confusing Touch          Hex            14%        N/A       12%         3
 Spider Form              Tmut/Pois      14%        N/A       12%         3
 Vampiric Draining        Necr           14%        2d7       12%         3
 Orb of Destruction       Conj           34%        9d10      22%         7
 Summon Mana Viper        Hex/Summ       32%        N/A       28%         5
 Summon Cactus Giant      Summ           25%        N/A       36%         6
 Cause Fear               Hex            7%         N/A       38%         4
 Dispel Undead            Necr           14%        3d10      38%         4
 Leda's Liquefaction      Hex/Erth       7%         N/A       38%         4
 Iron Shot                Conj/Erth      23%        9d5       45%         6
 Storm Form               Tmut/Air       37%        N/A       71%         7
 Blade Hands              Tmut           7%         N/A       75%         5
 Borgnjor's Vile Clutch   Necr/Erth      7%         N/A       75%         5
 Dragon Form              Tmut           7%         N/A       100%        7
 Maxwell's Capacitive Co  Air            51%        ∞         24%         8
 Lehudib's Crystal Spear  Conj/Erth      23%        10d7      100%        8
 Chain Lightning          Conj/Air       48%        3d64      100%        9
 Dragon's Call            Summ           25%        N/A       100%        9
 Fire Storm               Conj/Fire      34%        8d9       100%        9
 Shatter                  Erth           7%         3d9*      100%        9


Dungeon Overview and Level Annotations

Branches:
Dungeon (11/15)            Temple (1/1) D:6            Lair (5/5) D:11
  Swamp (4/4) Lair:2       Spider (4/4) Lair:2        Slime (0/5) Lair:5
    Orc (2/2) D:9             Elf (0/3) Orc:2         Sewer (visited)

Altars:
Ashenzari
Cheibriados
Dithmenos
Elyvilon
Fedhas
Gozag
Hepliaklqana
Kikubaaqudgha
Makhleb
Nemelex Xobeh
Okawaru
Qazlal
Ru
Sif Muna
Trog
Uskayaw
Vehumet
Wu Jian
Xom
Yredelemnul
Zin
The Shining One
Jiyva
Lugonu

Shops:
D:7 *   D:8 !   D:9 **   D:10 **   Orc:2 [[*![

Portals:
Abyss: Spider:3

Annotations:
Lair:5 exclusion: obsidian statue
Swamp:4 2 transporters, Coluw's ghost, adept MeTm


Innate Abilities, Weirdness & Mutations

You have a beak for a mouth.
You have claws for feet.
Your magical nature lets you fly swiftly and evasively.


Message History

Press: ? - help, Dir - look around, f - activate
Okay, then.
The spark wasp attacks as you move away!
The spark wasp stings you!! The spark wasp shocks you. You resist.
You see here a redback corpse.
Casting: Plasma Beam (dangerous; 1% risk of failure)
Confirm with . or Enter, or press ? or * to list all spells.
Aiming: Airstrike (safe; 1% risk of failure)
Press: ? - help, Dir - move target, f - spark wasp
Aim: a spark wasp (empty space bonus: 6/8)
You feel a surge of power!
The air twists around and strikes the spark wasp!!
The spark wasp is moderately wounded.
The spark wasp stings you but does no damage.
The spark wasp stings you! The spark wasp shocks you. You resist.
Casting: Airstrike (safe; 1% risk of failure)
Confirm with . or Enter, or press ? or * to list all spells.
Casting: Plasma Beam (dangerous; 1% risk of failure)
Press: ? - help, Dir - look around, f - activate You feel a surge of power!
The bolt of lightning hits the spark wasp.
The spark wasp completely resists.
The spark wasp is moderately wounded.
The fiery plasma hits the spark wasp.
The spark wasp is moderately wounded.
The spark wasp barely misses you.
Casting: Plasma Beam (dangerous; 1% risk of failure)
Confirm with . or Enter, or press ? or * to list all spells.
Casting: Plasma Beam (dangerous; 1% risk of failure)
Press: ? - help, Dir - look around, f - activate You feel a surge of power!
The bolt of lightning misses the spark wasp.
The fiery plasma hits the spark wasp.
The spark wasp is moderately wounded.
The spark wasp stings you!!
* * * LOW HITPOINT WARNING * * *
The spark wasp shocks you. You resist.
* * * LOW HITPOINT WARNING * * *
The spark wasp stings you!
You die...

.(#.>.#####....#.####....##
.....##.####^...##..###.## ###
.......^#.##....#..##.#### #^###
###....##^#.##...........## #^..#
###^....#.###.............###..##
..####.##.##..#.....#######...###
.^............#.#####...#....##.#
.....###......†>..#.....#....##..
##..........##†y@.#.....#..######
#.##.##.#.#..#..###.........#####
#####.§#§#...................^#..
#.#.#..∩###......#...^.########.†
#..#._##§#.....#......##....##.#)
.#..##....#..^.#^...#.......#..#.
..^..##....^.#....#.#......##..#.
#####.#.#.#.##...^#.###........##
#.##.#.#.###.####.#^..####...##^#


You could see a spark wasp.

Vanquished Creatures
  Rupert (Orc:2)
  Jorgrun (Swamp:1)
  Frances (Swamp:1)
  A thorn hunter (Swamp:4)
  A fenstrider witch (Swamp:3)
  Louise (Swamp:1)
  4 ghost moths
  4 emperor scorpions
  2 bunyips
  4 dire elephants (Lair:5)
  Snorg (D:11)
  3 fire dragons
  A shambling mangrove (Swamp:3)
  4 entropy weavers
  13 hydras
  3 ghost crabs (Swamp:1)
  2 catoblepae (Lair:3)
  A jorogumo (Spider:1)
  4 ogre magi (Orc:2)
  7 alligators
  4 radroaches
  12 two-headed ogres
  13 death yaks
  An orc high priest (Orc:1)
  2 fire crabs
  3 goliath frogs
  2 skeletal warriors (D:11)
  A death drake (Swamp:3)
  2 pharaoh ants
  A spectral anaconda (Lair:5)
  A sun moth (Spider:2)
  A spriggan druid (Swamp:2)
  3 orb spiders
  6 swamp dragons
  5 bog bodies
  4 steelbarb worms
  A lindwurm (Swamp:4)
  2 orc knights (Orc:1)
  4 necromancers (Lair:5)
  2 will-o-the-wisps
  12 wolf spiders
  An ugly thing (D:8)
  3 orc sorcerers (Orc:2)
  10 elephants (Lair:5)
  Maurice (D:11)
  4 moths of wrath
  8 demonic crawlers
  5 black mambas
  Joseph (Lair:1)
  3 torpor snails
  18 cane toads
  A gargoyle (D:7)
  2 kobold demonologists (D:9)
  6 rime drakes
  10 komodo dragons
  13 tarantellas
  5 trolls
  13 blink frogs
  5 hornets
  8 tyrant leeches
  6 dream sheep (Lair:3)
  A spectral elephant (Lair:5)
  17 jumping spiders
  9 culicivoras
  A shadow (D:10)
  3 spriggans
  2 wraiths
  2 wyverns
  2 basilisks
  48 yaks
  33 redbacks
  4 steam dragons
  8 wargs
  Edmund (D:6)
  22 vampire mosquitoes
  2 death yak simulacra (Lair:5)
  2 acid dragons
  7 swamp worms
  10 water moccasins
  18 orc warriors
  10 swamp drakes
  6 black bears
  28 ogres
  3 centaurs
  An elephant skeleton (Lair:5)
  16 wolves
  3 kobold brigands
  9 bullfrogs
  4 scorpions
  A gnoll sergeant (D:11)
  A cane toad simulacrum (Lair:5)
  3 wights (D:9)
  10 killer bees
  An elephant simulacrum (Lair:5)
  A howler monkey (D:7)
  4 jellies
  16 orc priests
  Crazy Yiuf (D:2)
  3 hounds
  A gnoll bouda (D:6)
  Natasha (thrice) (D:2)
  3 iguanas
  22 orc wizards
  11 hell rats
  21 gnolls
  4 adders
  2 river rats
  A white imp (D:7)
  4 worms
  62 orcs
  9 ball pythons
  13 endoplasms
  7 giant cockroaches
  9 goblins
  8 hobgoblins
  7 jackals
  3 quokkas
  7 bats
  3 frilled lizards
  22 kobolds
  13 rats
  A foxfire (Lair:2)
  3 lurking horrors (Spider:3)
816 creatures vanquished.

Vanquished Creatures (collateral kills)
  A spriggan (Swamp:3)
  2 bog bodies (Swamp:3)
  A cane toad (Lair:1)
  An unseen horror (D:10)
  A tarantella (Spider:1)
  2 tyrant leeches (Swamp:4)
  A hornet (Swamp:3)
  A jumping spider (Spider:3)
  A culicivora (Spider:3)
  6 redbacks
  A vampire mosquito (Swamp:3)
  4 swamp worms
  3 swamp drakes (Swamp:4)
25 creatures vanquished.

Vanquished Creatures (others)
  2 orcs
  1163 foxfires
1165 creatures vanquished.

Grand Total: 2006 creatures vanquished

Notes
Turn   | Place    | Note
-------+----------+-------------------------------------------
     0 | D:1      | timpak the Tengu Fire Elementalist began the quest for the
                  | Orb.
     0 | D:1      | Reached XP level 1. HP: 10/10 MP: 4/4
     1 | D:1      | Found a runed translucent door.
   120 | D:1      | Reached skill level 1 in Fighting
   175 | D:1      | Reached XP level 2. HP: 16/16 MP: 0/6
   183 | D:1      | Learned a level 2 spell: Scorch
   781 | D:1      | Reached XP level 3. HP: 21/21 MP: 5/7
   969 | D:2      | You fall into a shaft and drop 2 floors!
   970 | D:4      | Noticed a centaur
   975 | D:4      | Noticed a black bear
  1337 | D:3      | Noticed a scorpion
  1344 | D:3      | Killed a scorpion
  1345 | D:3      | Reached XP level 4. HP: 26/26 MP: 1/8
  1423 | D:3      | Found a sparkling altar of Nemelex Xobeh.
  1712 | D:3      | Identified the ring "Plog" {rN+ MP+9}
  2085 | D:2      | Learned a level 4 spell: Flame Wave
  2134 | D:2      | Found a runed translucent door.
  2135 | D:2      | Noticed Crazy Yiuf
  2173 | D:2      | Gained mutation: Your magical nature lets you fly swiftly
                  | and evasively. [Tengu growth]
  2173 | D:2      | Reached XP level 5. HP: 30/30 MP: 9/9
  2300 | D:2      | Noticed Natasha
  2316 | D:2      | Killed Natasha
  2405 | D:2      | Found a shimmering altar of Xom.
  2667 | D:2      | Noticed Natasha
  2692 | D:2      | Killed Crazy Yiuf
  2693 | D:2      | Reached skill level 5 in Conjurations
  2693 | D:2      | Killed Natasha
  2694 | D:2      | Reached skill level 5 in Fire Magic
  2694 | D:2      | Reached XP level 6. HP: 26/35 MP: 3/10
  2762 | D:2      | Noticed Natasha
  2768 | D:2      | Killed Natasha
  2792 | D:2      | Identified the +8 hammer of Qaonuahu {venom, *Rage rPois
                  | Int+3 Stlth+}
  3059 | D:3      | Learned a level 2 spell: Blink
  3130 | D:4      | Killed a black bear
  3131 | D:4      | Reached skill level 1 in Translocations
  3131 | D:4      | Reached XP level 7. HP: 29/40 MP: 11/11
  4086 | D:5      | Entered Level 5 of the Dungeon
  4087 | D:5      | Noticed an angel
  4090 | D:5      | Found a glowing silver altar of Zin.
  4092 | D:5      | Found a shimmering altar of Xom.
  4145 | D:5      | Found a glowing drain.
  4247 | Sewer    | Entered a sewer
  4348 | Sewer    | Reached XP level 8. HP: 44/44 MP: 12/12
  4872 | D:5      | Found an ancient bone altar of Kikubaaqudgha.
  4872 | D:5      | Found a hide-covered altar of Uskayaw.
  5512 | D:6      | Noticed Edmund
  5523 | D:6      | Killed Edmund
  5529 | D:6      | Reached skill level 1 in Evocations
  5660 | D:6      | Learned a level 3 spell: Swiftness
  5717 | D:6      | Reached XP level 9. HP: 48/48 MP: 16/16
  5756 | D:6      | Reached skill level 1 in Air Magic
  5862 | D:6      | Learned a level 4 spell: Airstrike
  5988 | D:6      | Found a staircase to the Ecumenical Temple.
  5997 | Temple   | Entered the Ecumenical Temple
  6366 | D:7      | Found Kunautek's Fire Supplies.
  6497 | D:7      | Noticed a gargoyle
  6671 | D:7      | Reached skill level 2 in Air Magic
  7029 | D:7      | Noticed a red ugly thing
  7085 | D:8      | Found a snail-covered altar of Cheibriados.
  7156 | D:8      | Reached skill level 3 in Air Magic
  7234 | D:8      | Found a stormy altar of Qazlal.
  7279 | D:8      | Found Sooq's Distillery.
  7288 | D:8      | Bought a potion of heal wounds for 55 gold pieces
  7288 | D:8      | Bought a potion of lignification for 33 gold pieces
  7288 | D:8      | Bought a potion of mutation for 88 gold pieces
  7347 | D:8      | Reached skill level 4 in Air Magic
  7545 | D:8      | Identified the +0 pair of gloves of Snakes and Ladders
                  | {rElec rN+ Int+5 Slay-5}
  7578 | D:8      | Reached skill level 5 in Air Magic
  8008 | D:7      | Killed a gargoyle
  8009 | D:7      | Reached skill level 6 in Air Magic
  8150 | D:7      | Found a shimmering blue altar of Sif Muna.
  8271 | D:7      | Found Kunautek's Fire Supplies.
  8656 | D:7      | Became a worshipper of Sif Muna the Loreminder
  8763 | D:8      | Killed a red ugly thing
  8764 | D:8      | Reached skill level 8 in Air Magic
  8764 | D:8      | Reached XP level 10. HP: 20/53 MP: 15/17
  8886 | D:9      | Noticed a kobold demonologist
  8886 | D:9      | Noticed a kobold demonologist
  8886 | D:9      | Found Yrpheeju's Demolitions Depot.
  9228 | D:9      | Reached skill level 9 in Air Magic
  9404 | D:9      | Killed a kobold demonologist
  9405 | D:9      | Reached skill level 5 in Spellcasting
  9519 | D:9      | Killed a kobold demonologist
  9719 | D:9      | Learned a level 3 spell: Call Canine Familiar
  9751 | D:9      | Found a staircase to the Orcish Mines.
 10013 | D:9      | Reached * piety under Sif Muna
 10083 | D:9      | Found an iron altar of Okawaru.
 10216 | D:9      | Found Buimout's Elemental Accessories.
 10336 | D:10     | Entered Level 10 of the Dungeon
 10371 | D:10     | Reached skill level 1 in Summonings
 10718 | D:10     | Found Neyta's Overcharged Wands.
 11190 | D:10     | Noticed a two-headed ogre
 11200 | D:10     | Killed a two-headed ogre
 11201 | D:10     | Reached XP level 11. HP: 61/61 MP: 10/19
 11322 | D:10     | Reached skill level 10 in Conjurations
 11322 | D:10     | Reached skill level 10 in Air Magic
 11415 | D:10     | Reached skill level 5 in Evocations
 11506 | D:10     | Found Imuadghirosch's General Store.
 11584 | D:10     | Reached skill level 5 in Dodging
 11750 | D:9      | Reached skill level 5 in Fighting
 11964 | D:10     | Reached skill level 5 in Summonings
 12251 | D:10     | Identified a scroll of acquirement
 12251 | D:10     | Acquired a book of Lightning
 12436 | D:11     | Noticed a two-headed ogre
 12443 | D:11     | Killed a two-headed ogre
 12444 | D:11     | Reached skill level 1 in Armour
 12803 | D:11     | Noticed a skeletal warrior
 12809 | D:11     | Noticed a skeletal warrior
 12812 | D:11     | Noticed a skeletal warrior
 12812 | D:11     | Noticed a skeletal warrior
 12812 | D:11     | Noticed a skeletal warrior
 13071 | D:11     | Noticed Maurice
 13076 | D:11     | Killed Maurice
 13163 | D:11     | Reached ** piety under Sif Muna
 13401 | D:11     | Noticed Snorg
 13409 | D:11     | Killed Snorg
 13448 | D:11     | Found a staircase to the Lair.
 13613 | D:11     | Killed a skeletal warrior
 13646 | D:11     | Killed a skeletal warrior
 13844 | D:11     | Reached XP level 12. HP: 69/69 MP: 21/21
 14270 | D:11     | Found a staircase to the Lair.
 14565 | Lair:1   | Entered Level 1 of the Lair of Beasts
 15006 | Lair:1   | Reached skill level 11 in Air Magic
 15458 | Lair:1   | Noticed Joseph
 15482 | Lair:1   | Killed Joseph
 15577 | Lair:1   | Reached *** piety under Sif Muna
 16533 | Lair:1   | Reached skill level 1 in Invocations
 16678 | Lair:1   | Learned a level 5 spell: Arcjolt
 16940 | Lair:2   | Found a hole to the Spider Nest.
 17347 | Lair:2   | Reached skill level 5 in Armour
 17471 | Lair:2   | Reached XP level 13. HP: 53/76 MP: 16/24
 17854 | Lair:2   | You are sucked into a shaft and drop 2 floors!
 18145 | Lair:3   | Reached skill level 10 in Fire Magic
 18145 | Lair:3   | Reached skill level 12 in Air Magic
 18145 | Lair:3   | Reached XP level 14. HP: 83/83 MP: 25/25
 18153 | Lair:3   | Learned a level 6 spell: Plasma Beam
 18327 | Lair:2   | Reached **** piety under Sif Muna
 18481 | Lair:2   | Found a staircase to the Swamp.
 20610 | Lair:4   | Identified the +2 robe "Utaecez" {rF+ Regen+}
 21085 | Lair:4   | Identified the +1 leather armour of Qajeed {Int+5}
 21845 | Lair:4   | Reached skill level 13 in Air Magic
 22024 | Lair:5   | Entered Level 5 of the Lair of Beasts
 22889 | Lair:5   | Found a viscous altar of Jiyva.
 22890 | Lair:5   | Found a staircase to the Slime Pits.
 23050 | Lair:5   | Reached XP level 15. HP: 63/89 MP: 24/28
 24090 | Lair:5   | Reached skill level 5 in Invocations
 24263 | Lair:5   | Reached ***** piety under Sif Muna
 24404 | Lair:5   | Received a gift from Sif Muna
 24951 | Lair:5   | Identified the ring "Mith" {rPois MP+9}
 25179 | Lair:5   | Reached skill level 14 in Air Magic
 25527 | D:9      | Bought a book of Annihilations for 840 gold pieces
 25557 | Orc:1    | Entered Level 1 of the Orcish Mines
 26232 | Orc:1    | Reached skill level 10 in Dodging
 26574 | Orc:2    | Entered Level 2 of the Orcish Mines
 26574 | Orc:2    | Found Uchifoeq's Armour Shop.
 26617 | Orc:2    | Paralysed by an orc sorcerer for 2 turns
 26800 | Orc:2    | Received a gift from Sif Muna
 27051 | Orc:2    | Noticed Rupert
 27520 | Orc:2    | Found Elupiug's Distillery.
 27520 | Orc:2    | Found Jir Zoca's Antique Armour Emporium.
 27521 | Orc:2    | Found Leorell's Antique Armour Boutique.
 27521 | Orc:2    | Found Nyegy's Assorted Antiques.
 27569 | Orc:2    | Found a staircase to the Elven Halls.
 27589 | Orc:2    | Paralysed by Rupert for 3 turns
 27593 | Orc:2    | Killed Rupert
 27594 | Orc:2    | Reached skill level 1 in Staves
 27624 | Orc:2    | Reached skill level 10 in Fighting
 27659 | Orc:2    | Reached XP level 16. HP: 97/97 MP: 23/30
 27771 | Orc:2    | Got Sif Muna's Reference Book on the Airy Black Widow {god
                  | gift}
 28261 | Swamp:1  | Entered Level 1 of the Swamp
 28438 | Swamp:1  | Noticed Jorgrun
 28561 | Swamp:1  | Killed Jorgrun
 28762 | Swamp:1  | Noticed Frances
 28905 | Swamp:1  | Killed Frances
 29310 | Swamp:1  | Reached skill level 15 in Air Magic
 29435 | Swamp:1  | Noticed Louise
 29457 | Swamp:1  | Killed Louise
 29457 | Swamp:1  | Received a gift from Sif Muna
 29458 | Swamp:1  | Got Sif Muna's Quarto of Erosion and Ozone {god gift}
 29463 | Swamp:1  | Learned a level 3 spell: Mephitic Cloud
 29647 | Swamp:1  | Acquired 494 gold pieces
 29997 | Swamp:2  | Reached skill level 10 in Armour
 30066 | Swamp:2  | Learned a level 4 spell: Summon Lightning Spire
 31242 | Swamp:4  | Entered Level 4 of the Swamp
 31260 | Swamp:4  | Reached skill level 10 in Spellcasting
 31261 | Swamp:4  | Noticed a fenstrider witch
 31620 | Swamp:3  | Killed a fenstrider witch
 31621 | Swamp:3  | Reached skill level 5 in Staves
 33932 | Swamp:4  | Reached XP level 17. HP: 104/104 MP: 8/32
 34592 | Swamp:4  | Got a decaying rune of Zot
 34661 | Swamp:4  | Noticed a tentacled monstrosity
 34680 | Swamp:4  | Noticed Coluw's ghost (adept MeTm)
 34684 | Swamp:4  | Found a transporter.
 34687 | Swamp:4  | Found a transporter.
 34704 | Swamp:4  | Reached skill level 16 in Air Magic
 35114 | Spider:1 | Entered Level 1 of the Spider Nest
 35218 | Spider:1 | Received a gift from Sif Muna
 35223 | Spider:1 | Got Sif Muna's Atlas of the Shot and Malediction {god gift}
 37928 | Spider:2 | Identified the +4 morningstar of Ponaosam {flame, rPois
                  | rCorr MP-9 SInv}
 39281 | Spider:3 | Found a corrupted altar of Lugonu.
 39284 | Spider:3 | Found a one-way gate to the infinite horrors of the Abyss.
 39530 | Spider:3 | Reached skill level 17 in Air Magic
 39735 | Spider:3 | Received a gift from Sif Muna
 39736 | Spider:3 | Got Dymy's Anthology of Electrocution and Leadership {god
                  | gift}
 40313 | Spider:4 | Entered Level 4 of the Spider Nest
 40515 | Spider:3 | Slain by a spark wasp

Illustrated notes

Levels and vault maps discovered:
D:1:      dpeg_arrival_caged_fury, layout_basic
D:2:      layout_rooms, basic_altar, st_stairs_4, kennysheep_generic_room_7,
          uniq_crazy_yiuf_cottage, uniq_natasha
D:3:      layout_basic, mainiacjoe_overflow_boulevard
D:4:      layout_cave_pools
D:5:      layout_gridville, gammafunk_temple_overflow_elements,
          grunt_temple_overflow_order_and_chaos_1, cheibrodos_sewer_entry_sluice
D:6:      layout_cave_pods, temple_hall, uniq_edmund
D:7:      layout_basic, lemuel_tele_altar, nicolae_shop_fire_sale
          [nicolae_sub_dead_trees], dreamdust_princess_corridor,
          minmay_manual_maat
D:8:      layout_gridville, mainiacjoe_overflow_catwalk,
          overflow_temple_1_default, serial_shops, nicolae_lakefront_shop
D:9:      layout_rooms, okawaru_trees_1, david_orc_3, nicolae_elemental_shop,
          nicolae_blasting_shop, kennysheep_generic_room_14
D:10:     layout_stronghold, serial_shops, shop, nicolae_shop_overcharged_wands
D:11:     layout_gridville, erik_lair_orcish_takeover, uniq_maurice, uniq_snorg
Temple:   nicolae_temple_bog_church
Lair:1:   layout_regular_city, hangedman_lair_generics_rect, grunt_megastairs_2,
          uniq_joseph
Lair:2:   layout_chaotic_city, minmay_swamp_entry_swarm,
          nicolae_spider_entry_tight_spaces
Lair:3:   layout_regular_city, kennysheep_catoblepas_arena
Lair:4:   layout_loops_ring, infiniplex_staircase_pool, grunt_megastairs_1,
          serial_bayou_shore_b
Lair:5:   due_jungle_book, layout_regular_city, nicolae_slime_entry_slimehenge,
          serial_bayou_pond_d
Swamp:1:  layout_basic_swamp, hangedman_swamp_ruin_wall, swamp_pool4,
          nicolae_swamp_bloodsuckers_inc, infiniplex_staircase_pool_2,
          uniq_frances, uniq_jorgrun, uniq_louise
Swamp:2:  layout_basic_swamp, serial_swamp_ruin, evilmike_swamp_ruin_house_6,
          evilmike_swamp_ruin_house_1
Swamp:3:  layout_falls_marsh, nicolae_swamp_dense_foliage
Swamp:4:  swamp_fiery, layout_basic_swamp, gammafunk_ghost_arena
Spider:1: layout_chambers
Spider:2: layout_spider_delve, nicolae_spider_bug_shape
Spider:3: layout_spider_delve, amcnicky_altar_lugonu_corruption
Spider:4: spider_rune_water, uniq_nikola
Orc:1:    layout_caves, minmay_orc_temple_c
Orc:2:    st_orc_ogre_mass, layout_caves, serial_shops,
          nicolae_shop_hallway_stairs, uniq_rupert

Skill      XL: |  1  2  3  4  5  6  7  8  9 10 11 12 13 14 15 16 17 |
---------------+----------------------------------------------------+-----
Fighting       | 1 2 4 5 7 8 10 11 | 11.9
Conjurations   | 2 4 5 6 7 8 9 10 11 12 | 12.2
Fire Magic     | 4 5 6 7 8 9 10 11 12 | 12.0
Translocations | 1 3 4 |  4.0
Spellcasting   | 4 5 6 7 8 9 10 | 10.6
Evocations     | 1 2 4 5 |  5.0
Air Magic      | 8 9 10 11 12 13 14 15 17 | 17.1
Dodging        | 4 5 7 9 10 11 12 | 12.7
Summonings     | 2 5 6 |  6.8
Armour         | 3 5 6 7 9 10 11 | 11.8
Invocations    | 1 3 4 5 |  5.0
Staves         | 1 5 7 |  7.6
Stealth        | |  2.0

Action                     |  1- 3 |  4- 6 |  7- 9 | 10-12 | 13-15 | 16-18 || total
---------------------------+-------+-------+-------+-------+-------+-------++-------
  Melee: Kick              |     3 |       |     1 |     3 |    44 |    55 ||   106
         Hand axe          |     2 |       |       |       |       |       ||     2
         Unarmed           |     2 |       |       |       |       |       ||     2
         Peck              |     1 |       |     1 |     4 |    32 |    35 ||    73
         Short sword       |     4 |     1 |       |       |       |       ||     5
         Staff             |       |       |     4 |    21 |    95 |   168 ||   288
         Punch             |       |       |       |       |     4 |     1 ||     5
   Cast: Foxfire           |    52 |    71 |   250 |   325 |       |     3 ||   701
         Scorch            |     1 |     3 |    28 |    48 |       |       ||    80
         Flame Wave        |       |     2 |       |    29 |       |       ||    31
         Airstrike         |       |       |     9 |    76 |   101 |    44 ||   230
         Swiftness         |       |       |     1 |       |       |     1 ||     2
         Call Canine Famil |       |       |       |     9 |       |     1 ||    10
         Blink             |       |       |       |     4 |       |       ||     4
         Arcjolt           |       |       |       |    11 |   133 |    58 ||   202
         Plasma Beam       |       |       |       |       |    72 |   204 ||   276
         Summon Lightning  |       |       |       |       |       |    28 ||    28
 Invoke: Channel Magic     |       |       |       |       |     3 |     4 ||     7
  Evoke: Wand              |       |       |       |       |       |     1 ||     1
    Use: Potion            |       |       |     1 |       |     1 |     3 ||     5
         Scroll            |       |       |       |    28 |     4 |     4 ||    36
   Stab: Distracted        |       |       |       |       |       |     4 ||     4
 Armour: Robe              |     3 |     5 |       |       |    27 |    73 ||   108
         Steam dragon scal |       |       |     8 |    11 |       |       ||    19
         Troll leather arm |       |       |       |    22 |     2 |       ||    24
  Dodge: Dodged            |    17 |    23 |    47 |   130 |   208 |   371 ||   796
  Block: Other             |       |       |     2 |    41 |    50 |    97 ||   190
         Reflection        |       |       |       |     3 |     2 |       ||     5
